 Dungeon Crawl Stone Soup version 0.29.1-debian-4-g95531337e3 (webtiles) character file.

Game seed: 7401733395770194908

67 Dreamer the Sneak (level 4, 0/31 HPs)
             Began as an Octopode Delver on Sept 13, 2022.
             Slain by an adder (2 damage)
             ... in a sewer.
             The game lasted 00:05:10 (1009 turns).

Dreamer the Sneak (Octopode Delver)                 Turns: 1009, Time: 00:05:11

Health: 0/31       AC:  1    Str: 11    XL:     4   Next: 16%
Magic:  4/4        EV: 13    Int: 14    God:
Gold:   44         SH:  3    Dex: 13    Spells: 3/3 levels left

rFire   . . .      SeeInvis .     - Unarmed
rCold   . . .      Faith    .   i - +0 buckler
rNeg    . . .      Spirit   .   (helmet restricted)
rPois   .          Reflect  .   (no amulet)
rElec   .          Harm     .   (no ring)
rCorr   .          Rampage  .   (no ring)
Will    .....                   (no ring)
Stlth   +++++.....              (no ring)
HPRegen 0.10/turn               (no ring)
MPRegen 0.09/turn               (no ring)
                                (no ring)
                                (no ring)

@: hasted, very quick
A: almost no armour, amphibious, 8 rings, camouflage 1, gelatinous body 1,
nimble swimmer 1, tentacles
a: no special abilities


You were in a sewer.
You visited 1 branch of the dungeon, and saw 3 of its levels.
You also visited: Sewer.

You collected 44 gold pieces.

Inventory:

Armour
 i - a +0 buckler (worn)
Wands
 e - a wand of digging (3)
Scrolls
 a - a scroll of fog
 b - a scroll of magic mapping
 c - 2 scrolls of fear
 f - a scroll of amnesia {unknown}
 g - a scroll of immolation {unknown}
 j - 2 scrolls of identify {unknown}
 k - a scroll of teleportation {unknown}
Potions
 h - a potion of heal wounds {unknown}


   Skills:
 + Level 3.4 Fighting
 + Level 2.5 Dodging
 + Level 7.0 Stealth
 * Level 3.1 Unarmed Combat


You had 3 spell levels left.
You didn't know any spells.
Your spell library was empty.

Dungeon Overview and Level Annotations

Branches:
Dungeon (5/15)              Sewer (1/1)
 Temple: D:4-7

Altars:
Elyvilon
Nemelex Xobeh


Innate Abilities, Weirdness & Mutations

You cannot wear most types of armour.
You are amphibious.
You can wear up to eight rings at the same time.
Your skin changes colour to match your surroundings (Stealth+).
Your rubbery body absorbs attacks. (AC +1, EV +1)
You are camouflaged when in or above water. (Stealth+)
You have tentacles for arms and can constrict up to eight enemies at once.


Message History

The adder is moderately wounded.
You feel sick. The ball python barely misses you. The ball python grabs you.
The ball python constricts you. The adder closely misses you.
The ball python barely misses you.
You closely miss the adder. Your grab misses the adder.
You tentacle-slap the adder.
The adder is moderately wounded.
You feel sick. The adder bites you. The ball python bites you.
The ball python constricts you. The ball python bites you.
* * * LOW HITPOINT WARNING * * *
The adder closely misses you. The ball python barely misses you.
The ball python constricts you.
* * * LOW HITPOINT WARNING * * *
You feel yourself speed up.
You feel sick.
A rat comes into view.
The ball python bites you.
* * * LOW HITPOINT WARNING * * *
You block the adder's attack.
The ball python bites you but does no damage.
The ball python constricts you.
* * * LOW HITPOINT WARNING * * *
You escape the ball python's grasp.
You feel sick.
You feel sick.
You are no longer poisoned.
You closely miss the adder. Your grab misses the adder.
The adder is moderately wounded.
The adder misses you.
You miss the adder. Your grab misses the adder.
The adder is moderately wounded.
The adder barely misses you. The ball python bites you.
* * * LOW HITPOINT WARNING * * *
You block the ball python's attack.
You see here a frilled lizard corpse.
You closely miss the adder. You grab the adder. You squeeze the adder.
The adder is heavily wounded.
You constrict the adder. The adder closely misses you.
You barely miss the adder.
The adder is severely wounded.
You constrict the adder. The adder bites you.
You die...

#≈≈≈~≈≈# #≈≈≈~~≈#
#≈≈~~~≈ #≈≈~~~≈#
#≈≈~~#≈# #≈~~≈≈≈
#≈~≈~≈≈# #≈≈≈≈~~#
#~~~~≈≈ #≈~~#≈≈#
#≈≈≈≈~≈# #~~~≈≈≈
#≈.~≈≈≈# #≈≈S≈≈~#
#≈r~~~≈ #≈≈~≈≈≈#
#≈≈≈≈S.# #~~..~≈
#≈~#~.≈# #≈≈≈~≈~#
#≈~~~~≈ #≈≈≈~~≈#
#≈≈S~~≈# #≈≈~~~~
#≈≈≈~~≈# #≈≈@#~≈#
#≈≈≈≈r~ #≈≈≈~~≈#
#≈≈~~≈≈# #†r≈~~~
#≈†~~~≈# #≈≈~~~≈#
#≈J~~~≈ #≈†≈~≈~#
#≈≈~≈≈≈# #≈~~~~~
##~~~~## ##~~~~##
##~~~~. #......##
##......# .....r
##......##
##......## ##.....
#.......###.......#
#.....
##...........†...##
##....


You could see an adder and 2 ball pythons.

Vanquished Creatures
  2 river rats (Sewer)
  An adder (D:3)
  2 endoplasms
  2 goblins
  2 hobgoblins (D:4)
  4 jackals (D:3)
  7 ball pythons
  3 bats (D:3)
  2 frilled lizards (Sewer)
  18 rats
43 creatures vanquished.

Notes
Turn   | Place    | Note
-------+----------+-------------------------------------------
     0 | D:5      | Dreamer the Octopode Delver began the quest for the Orb.
     0 | D:5      | Reached XP level 1. HP: 16/16 MP: 1/1
   204 | D:3      | Found a sparkling altar of Nemelex Xobeh.
   210 | D:3      | Found a white marble altar of Elyvilon.
   248 | D:3      | Reached XP level 2. HP: 21/21 MP: 2/2
   270 | D:3      | Reached XP level 3. HP: 25/26 MP: 3/3
   274 | D:3      | Found a glowing drain.
   300 | Sewer    | Entered a sewer
   618 | Sewer    | Reached skill level 7 in Stealth
   681 | Sewer    | Reached XP level 4. HP: 9/31 MP: 4/4
   983 | Sewer    | HP: 1/31 [ball python (2)]
  1009 | Sewer    | Slain by an adder

Illustrated notes

Levels and vault maps discovered:
D:3:      layout_loops_ring, mainiacjoe_overflow_big_doors,
          ebering_ecumenical_altar_ruins, cheibrodos_sewer_entry_sluice,
          serial_shops, shop
D:4:      layout_rooms, chequers_temple_overflow_minitemple
D:5:      layout_basic, minmay_temple_entry_junction_2
Sewer:    sewer_minmay_w

Skill      XL: |  1  2  3 |
---------------+----------+-----
Stealth        | 7 |  7.0
Unarmed Combat | 3 |  3.1
Fighting       | |  3.4
Dodging        | |  2.5

Action                   |  1- 3 |  4- 6 || total
-------------------------+-------+-------++-------
Melee: Unarmed           |    74 |    14 ||    88
       Constrict         |    20 |     3 ||    23
       Tentacles         |    15 |     2 ||    17
       Punch             |     1 |     2 ||     3
  Use: Potion            |       |     1 ||     1
 Stab: Sleeping          |     2 |     1 ||     3
Armor: Skin              |     5 |     1 ||     6
Dodge: Dodged            |    32 |    11 ||    43
Block: Buckler           |     5 |     3 ||     8
